 Dungeon Crawl Stone Soup version 0.31.0-11-ge490571c62 (webtiles) character file.

Game seed: 17012235897642842281

64 qw the Shooter (level 3, 0/20 HPs)
             Began as a Deep Elf Hunter on Feb 4, 2024.
             Slain by an orc
             ... wielding a +0 flail
              (7 damage)
             ... on level 2 of the Dungeon.
             The game lasted 00:00:02 (988 turns).

qw the Shooter (Deep Elf Hunter)                     Turns: 988, Time: 00:00:03

Health: 0/20       AC:  7    Str: 10    XL:     3   Next: 91%
Magic:  5/5        EV:  9    Int: 13    God:
Gold:   44         SH:  0    Dex: 18    Spells: 2/2 levels left

rFire   . . .        a - +2 shortbow
rCold   . . .        (shield currently unavailable)
rNeg    . . .        d - +0 scale mail
rPois   .            (no helmet)
rElec   .            (no cloak)
rCorr   .            k - +0 pair of gloves
SInv    .            (no boots)
Will    .....        (no amulet)
Stlth   +            (no ring)
HPRegen 0.23/turn    (no ring)
MPRegen 0.09/turn

%: no passive effects
@: no status effects
A: no striking features
a: no special abilities


You were on level 2 of the Dungeon.
You visited 1 branch of the dungeon, and saw 2 of its levels.

You collected 44 gold pieces.


   Skills:
 - Level 1.5 Fighting
 + Level 7.3 Ranged Weapons
 - Level 2.4 Dodging
 - Level 1.2 Stealth


You had 2 spell levels left.
You didn't know any spells.
Your spell library was empty.

Inventory:

Hand Weapons
 a - a +2 shortbow (weapon)
Armour
 d - a +0 scale mail (worn)
 k - a +0 pair of gloves (worn)
Jewellery
 g - a ring of ice
Potions
 h - a potion of curing
 j - a potion of resistance {unknown}

Dungeon Overview and Level Annotations

Branches:
Dungeon (2/15)

Altars:


Message History

The adder bites you but does no damage.
The kobold hits you with a +0 short sword.
You shoot an arrow. The arrow hits the adder.
The adder is severely wounded.
The adder bites you but does no damage. The kobold hits you but does no damage.
The adder barely misses you.
You shoot an arrow. The arrow hits the adder!
You kill the adder!
An orc comes into view. It is wielding a +0 flail.
The kobold hits you but does no damage. The quokka barely misses you.
You shoot an arrow. The arrow closely misses the quokka.
The orc shouts!
The kobold hits you with a +0 short sword.
The quokka barely misses you. The kobold hits you but does no damage.
The quokka closely misses you.
You shoot an arrow. The arrow hits the quokka.
The quokka is moderately wounded.
The quokka closely misses you. The kobold hits you but does no damage.
You shoot an arrow. The arrow closely misses the quokka.
The quokka bites you. The kobold hits you but does no damage.
The quokka barely misses you.
You shoot an arrow. The arrow hits the quokka.
The quokka is severely wounded.
The kobold barely misses you. The quokka barely misses you.
The kobold closely misses you.
You shoot an arrow. The arrow hits the quokka.
You kill the quokka!
The orc hits you but does no damage. The kobold hits you but does no damage.
You shoot an arrow. The arrow hits the orc.
The orc is lightly wounded.
The orc hits you but does no damage. The kobold closely misses you.
You shoot an arrow. The arrow hits the orc.
The orc is almost dead.
The orc hits you but does no damage. The kobold closely misses you. x2
The orc hits you with a +0 flail.
You shoot an arrow. The arrow barely misses the orc.
The orc hits you but does no damage. The kobold hits you but does no damage.
You shoot an arrow. The arrow closely misses the orc.
The orc hits you with a +0 flail!
You die...

##### ...#
..#####K#############
.....$)@............####
..#####o###########.....
#.). ###### #...( #.....
......# #......#
#......#


You could see an orc and a kobold.

Vanquished Creatures
  3 adders (D:2)
  A dart slug (D:1)
  6 endoplasms
  2 giant cockroaches (D:1)
  5 goblins
  4 hobgoblins
  2 kobolds
  2 quokkas
  2 bats (D:1)
  2 frilled lizards
  A rat (D:1)
30 creatures vanquished.

Notes
Turn   | Place    | Note
-------+----------+-------------------------------------------
     0 | D:1      | qw the Deep Elf Hunter began the quest for the Orb.
     0 | D:1      | Reached XP level 1. HP: 12/12 MP: 3/3
     0 | D:1      | 0 ||| qw: Version: 0.3-a-160-g6735b56
     0 | D:1      | 0 ||| qw: Game counter: 5233
     0 | D:1      | 0 ||| qw: Melee chars always use a shield: true
     0 | D:1      | 0 ||| qw: God list: Okawaru
     0 | D:1      | 0 ||| qw: Allow faded altars: false
     0 | D:1      | 0 ||| qw: Do Orc after clearing Dungeon:15 true
     0 | D:1      | 0 ||| qw: Do second Lair branch before Depths: true
     0 | D:1      | 0 ||| qw: Lair rune preference: random
     0 | D:1      | 0 ||| qw: Goals: Normal
     0 | D:1      | 0 ||| PLANNING D:1-11
    82 | D:1      | Reached skill level 6 in Ranged Weapons
    82 | D:1      | Reached XP level 2. HP: 16/16 MP: 4/4
   102 | D:1      | HP: 2/16 [frozen (4)]
   696 | D:1      | 696 ||| UPGRADING to +0 scale mail.
   706 | D:1      | 706 ||| DROPPING +0 leather armour.
   707 | D:1      | 707 ||| UPGRADING to +0 pair of gloves.
   712 | D:1      | 712 ||| READING scroll labelled WIFOOQ SEPIXT.
   813 | D:1      | 813 ||| READING scroll labelled OVIOSY MUSHRI.
   814 | D:1      | 814 ||| READING scroll labelled EVUASY BOEGES EHEDD.
   814 | D:1      | 814 ||| IDENTIFYING bubbling grey potion
   815 | D:1      | 815 ||| READING 2 scrolls labelled GOYROM WOTOLL.
   815 | D:1      | 815 ||| ENCHANTING +0 shortbow.
   816 | D:1      | 816 ||| READING scroll of enchant weapon.
   816 | D:1      | 816 ||| ENCHANTING +1 shortbow.
   817 | D:1      | 817 ||| READING scroll labelled VOODGH XEXA.
   821 | D:1      | 821 ||| DROPPING scroll of butterflies.
   834 | D:2      | Reached XP level 3. HP: 19/20 MP: 5/5
   857 | D:2      | Reached skill level 7 in Ranged Weapons
   988 | D:2      | Slain by an orc

Levels and vault maps discovered:
D:1:      saegor_arrival_under_anarchy, layout_loops_ring, dk_noncrumbling_2
D:2:      layout_rooms, minmay_misc_feat_rugged, kennysheep_generic_room_9,
          uniq_crazy_yiuf_cottage

Skill      XL: |  1  2  3 |
---------------+----------+-----
Ranged Weapons | 6 7 |  7.3
Fighting       | |  1.5
Dodging        | |  2.4
Stealth        | |  1.2

Action                     || total
---------------------------++-------
   Fire: Shortbow          ||    84
    Use: Scroll            ||     6
 Armour: Leather armour    ||     6
         Scale mail        ||    35
  Dodge: Dodged            ||    26

Table legend:
 A = Non-vault XP
 B = Vault XP
 C = Vault XP percentage of total XP
 D = Non-vault monster count
 E = Vault monster count
 F = Vault count percentage of total count
                 A         B        C        D         E       F
            +---------+---------+-------+---------+---------+-------
      Total |      92 |       0 |   0.0 |      30 |       0 |   0.0
            +---------+---------+-------+---------+---------+-------
        D:1 |      35 |       0 |   0.0 |      18 |       0 |   0.0
        D:2 |      57 |       0 |   0.0 |      12 |       0 |   0.0
            +---------+---------+-------+---------+---------+-------
